 Dungeon Crawl Stone Soup version 0.27.1-35-g4d5d836560 (webtiles) character file.

Game seed: 4558073147694776171

14209 Delamore the Covert (level 12, -10/87 HPs)
             Began as an Octopode Brigand on May 2, 2022.
             Was an Initiate of Gozag.
             Mangled by a komodo dragon (26 damage)
             ... on level 1 of the Lair of Beasts.
             The game lasted 00:16:54 (12445 turns).

Delamore the Covert (Octopode Brigand)             Turns: 12445, Time: 00:16:55

Health: -10/87     AC:  4    Str: 11    XL:     12   Next: 14%
Magic:  12/12      EV: 23    Int: 13    God:    Gozag
Gold:   804        SH:  7    Dex: 18    Spells: 11/11 levels left

rFire    . . .     SeeInvis .   i - +5 quick blade (venom)
rCold    . . .     Faith    .   d - +2 buckler {AC+3}
rNeg     . . .     Spirit   .   (helmet restricted)
rPois    .         Reflect  .   B - amulet of the acrobat
rElec    .         Harm     .   h - +4 ring of evasion
rCorr    .         Rampage  .   (no ring)
Will     .....                  (no ring)
Stlth    ++++++....             (no ring)
HPRegen  0.24/turn              (no ring)
MPRegen  0.13/turn              (no ring)
                                (no ring)
                                (no ring)

@: gold aura
A: almost no armour, amphibious, 8 rings, camouflage 1, gelatinous body 1,
(nimble swimmer 1), tentacles
a: Renounce Religion, Potion Petition, Call Merchant, Bribe Branch


You were on level 1 of the Lair of Beasts.
You worshipped Gozag.
Gozag was pleased with you.
You visited 3 branches of the dungeon, and saw 12 of its levels.
You also visited: Ossuary.

You collected 1392 gold pieces.
You spent 497 gold pieces at shops.
You paid 91 gold pieces to Gozag.

Inventory:

Hand Weapons
 a - a +2 dagger
 i - a +5 quick blade of venom (weapon)
Missiles
 b - 54 poisoned darts (quivered)
 o - 8 boomerangs
 p - 8 javelins
 u - a throwing net
Armour
 d - a +2 buckler of protection (worn)
 C - a +0 kite shield
Jewellery
 h - a +4 ring of evasion (left tentacle)
 w - an amulet of magic regeneration
 B - an amulet of the acrobat (around mantle)
Wands
 E - a wand of charming (4)
Scrolls
 c - 2 scrolls of holy word
 j - 2 scrolls of amnesia
 k - 2 scrolls of fog
 s - 4 scrolls of magic mapping
 t - 3 scrolls of blinking
 v - 3 scrolls of fear
 y - 2 scrolls of teleportation {unknown}
 G - a scroll of noise
Potions
 e - 2 potions of mutation {unknown}
 f - a potion of berserk rage
 g - 5 potions of brilliance {unknown}
 l - 2 potions of haste
 m - 3 potions of flight {unknown}
 n - 7 potions of might {unknown}
 r - 3 potions of curing
 x - a potion of lignification {unknown}
 z - a potion of invisibility {unknown}
 A - a potion of attraction {unknown}
 D - 4 potions of degeneration {unknown}


   Skills:
 - Level 10.0 Fighting
 - Level 8.0 Short Blades
 - Level 6.0 Throwing
 - Level 10.0 Dodging
 - Level 10.0 Stealth
 - Level 4.0 Shields
 + Level 6.9 Evocations


You had 11 spell levels left.
You didn't know any spells.
Your spell library contained the following spells:

 Spells                   Type           Power      Damage    Failure   Level
 Apportation              Tloc           0%         N/A       30%         1
 Blink                    Tloc           N/A        N/A       43%         2
 Corpse Rot               Necr/Air       N/A        N/A       43%         2
 Poisonous Vapours        Pois/Air       0%         N/A       43%         2
 Slow                     Hex            0%         N/A       43%         2
 Static Discharge         Conj/Air       0%         N/A       43%         2
 Sublimation of Blood     Necr           0%         N/A       43%         2
 Confusing Touch          Hex            0%         N/A       67%         3
 Stone Arrow              Conj/Erth      0%         3d7       67%         3
 Vampiric Draining        Necr           0%         2d6       67%         3
 Dispel Undead            Necr           0%         3d6       97%         4
 Petrify                  Tmut/Erth      0%         N/A       97%         4
 Sticky Flame             Conj/Fire      0%         2d3       97%         4
 Alistair's Intoxication  Tmut/Pois      0%         N/A       100%        5
 Bolt of Magma            Conj/Fire/Erth 0%         4d4       100%        5
 Freezing Cloud           Conj/Ice/Air   0%         6-21      100%        5
 Irradiate                Conj/Tmut      0%         3d14      100%        5
 Manifold Assault         Tloc           0%         N/A       100%        5
 Invisibility             Hex            0%         N/A       100%        6
 Storm Form               Tmut/Air       0%         N/A       100%        7
 Shatter                  Erth           0%         3d5*      100%        9


Dungeon Overview and Level Annotations

Branches:
Dungeon (10/15)            Temple (1/1) D:7            Lair (1/6) D:10
    Orc (0/2) D:10        Ossuary (visited)

Altars:
Ashenzari
Cheibriados
Dithmenos
Elyvilon
Fedhas
Gozag
Hepliaklqana
Kikubaaqudgha
Makhleb
Nemelex Xobeh
Okawaru
Qazlal
Ru
Sif Muna
Trog
Vehumet
Wu Jian
Xom
Yredelemnul
Zin
The Shining One

Shops:
D:1 ?   D:7 =[*(   D:9 *   D:10 =

Portals:
Abyss: D:6

Annotations:
D:6 2 transporters, peterlawrence's ghost, novice MiFi


Innate Abilities, Weirdness & Mutations

You cannot wear most types of armour.
You are amphibious.
You can wear up to eight rings at the same time.
Your skin changes colour to match your surroundings (Stealth+).
Your rubbery body absorbs attacks. (AC +1, EV +1)
((You are camouflaged near water. (Stealth+)))
You have tentacles for arms and can constrict up to eight enemies at once.


Message History

You constrict the hell rat, but do no damage.
You block the hell rat's attack.
You hit the hell rat.
The hell rat looks as sick as possible!
The hell rat is heavily wounded.
You constrict the hell rat, but do no damage.
You hit the hell rat.
The hell rat looks as sick as possible!
The hell rat is severely wounded.
You constrict the hell rat, but do no damage.
You block the hell rat's attack.
You completely miss the hell rat.
The hell rat is severely wounded.
You constrict the hell rat, but do no damage.
You completely miss the hell rat.
The hell rat is almost dead.
You constrict the hell rat, but do no damage.
You hit the hell rat.
You kill the hell rat!
The komodo dragon bites you!!
* * * LOW HITPOINT WARNING * * *
You see here 5 gold pieces.
You are too injured to fight recklessly!
You are too injured to fight recklessly!
You are too injured to fight recklessly!
You are too injured to fight recklessly!
You are too injured to fight recklessly!
You are too injured to fight recklessly!
You are too injured to fight recklessly!
You are too injured to fight recklessly!
You are too injured to fight recklessly!
You are too injured to fight recklessly!
You are too injured to fight recklessly!
You see here 18 stones.
Throw: dart (curare)
Press: ? - help, Q - select action, (/) - cycle Shift-Dir - straight line, f - komodo dragon
Aim: a komodo dragon (severely wounded, poisoned, 75% to hit)
You throw a curare-tipped dart.
The curare-tipped dart barely misses the komodo dragon.
The komodo dragon bites you!!
You die...
Your body crumbles into a pile of gold.

#####..................######..#
.................................
........(..^.....................
.........######...#####..###....#
.....#.#########...####### .P#.
....##.♣.##.....$..(.....
..........#.............[
##.##♣.>.♣###...#l#####P.
####......#.#...@###. .
....##...##.............
....###'##..#.##.#......
.(.##.......#......#.###
##.#.#...#.#.##..#.#.#
.....................#
...+...♣......$♣.....#
...#.#.............+
.#.#.....#...##.#..# $


You could see a komodo dragon (poisoned).

Vanquished Creatures
  A hydra (Lair:1)
  An ogre mage (D:8)
  A centaur warrior (D:8)
  A two-headed ogre (D:8)
  An ugly thing (D:8)
  2 cane toads (Lair:1)
  2 trolls
  Grinder (D:5)
  A wraith (Ossuary)
  23 yaks
  A steam dragon (D:6)
  2 vampire mosquitoes (D:10)
  2 acid dragons (D:10)
  5 water moccasins
  2 ice beasts
  4 orc warriors
  A black bear (D:7)
  3 wolves (D:10)
  3 ogres
  4 centaurs (D:8)
  A kobold brigand (D:8)
  A phantom (D:6)
  11 bullfrogs
  A wyvern zombie (D:7)
  2 gnoll sergeants
  A water moccasin skeleton (D:5)
  5 wights
  16 killer bees
  2 electric eels (D:10)
  4 howler monkeys
  2 bullfrog zombies
  A crimson imp (D:8)
  6 hounds
  3 centaur zombies
  2 jellies
  A gnoll shaman (D:5)
  12 orc priests
  3 iguanas
  Terence (D:2)
  7 orc wizards
  3 hell rats (Lair:1)
  A mummy (Ossuary)
  Robin (D:2)
  A howler monkey zombie (D:9)
  11 gnolls
  5 adders
  2 shadow imps
  2 white imps (D:8)
  4 worms
  3 dart slugs
  36 orcs
  3 bats
  4 endoplasms
  A giant cockroach (D:2)
  15 goblins
  16 hobgoblins
  7 jackals
  2 quokkas
  3 ball pythons
  6 gnoll skeletons (Ossuary)
  5 kobolds
  9 kobold skeletons (Ossuary)
  10 orc skeletons (Ossuary)
  3 rats (D:2)
296 creatures vanquished.

Vanquished Creatures (others)
  3 plants (D:8)
3 creatures vanquished.

Grand Total: 299 creatures vanquished

Notes
Turn   | Place    | Note
-------+----------+-------------------------------------------
     0 | D:1      | Delamore the Octopode Brigand began the quest for the Orb.
     0 | D:1      | Reached XP level 1. HP: 14/14 MP: 1/1
   282 | D:1      | Reached XP level 2. HP: 17/19 MP: 2/2
   282 | D:1      | Identified 2 scrolls of acquirement
   282 | D:1      | Acquired a +4 quick blade
   285 | D:1      | Acquired a +0 buckler of protection
   332 | D:1      | Found Ufuniquu's Magic Scroll Shoppe.
   341 | D:1      | Bought a scroll of fog for 26 gold pieces
   817 | D:2      | Noticed Robin
   911 | D:2      | Reached XP level 3. HP: 20/24 MP: 3/3
   998 | D:2      | Noticed Terence
  1014 | D:2      | Killed Terence
  1015 | D:2      | Reached XP level 4. HP: 17/29 MP: 4/4
  1161 | D:2      | Killed Robin
  1369 | D:2      | Found a faded altar of an unknown god.
  1658 | D:3      | Noticed an ogre
  1670 | D:3      | Killed an ogre
  1671 | D:3      | Reached XP level 5. HP: 33/34 MP: 5/5
  2068 | D:3      | Reached skill level 5 in Short Blades
  2072 | D:3      | Reached XP level 6. HP: 24/39 MP: 6/6
  2476 | D:4      | Reached skill level 1 in Shields
  2711 | D:4      | Found a snail-covered altar of Cheibriados.
  2712 | D:4      | Found a broken altar of Ashenzari.
  2713 | D:4      | Found a glowing golden altar of the Shining One.
  2713 | D:4      | Found a sparkling altar of Nemelex Xobeh.
  3249 | D:5      | Entered Level 5 of the Dungeon
  3302 | D:5      | Reached XP level 7. HP: 45/45 MP: 7/7
  3589 | D:5      | Noticed Grinder
  3605 | D:5      | Killed Grinder
  3606 | D:5      | Reached XP level 8. HP: 37/50 MP: 8/8
  3731 | D:5      | Found a shimmering blue altar of Sif Muna.
  4383 | D:6      | Found a shimmering altar of Xom.
  4502 | D:6      | Found a transporter.
  4523 | D:6      | Found a transporter.
  4523 | D:6      | Found a one-way gate to the infinite horrors of the Abyss.
  4523 | D:6      | Noticed peterlawrence's ghost (novice MiFi)
  5131 | D:6      | Reached XP level 9. HP: 46/59 MP: 9/9
  5258 | D:7      | Found a sand-covered staircase.
  5263 | Ossuary  | Entered an ossuary
  5305 | Ossuary  | Reached skill level 5 in Fighting
  5346 | Ossuary  | Reached skill level 5 in Dodging
  5502 | D:7      | Found a staircase to the Ecumenical Temple.
  5516 | Temple   | Entered the Ecumenical Temple
  5587 | Temple   | Became a worshipper of Gozag Ym Sagoz the Greedy
  5918 | D:7      | Found Avacamm's Assorted Antiques.
  5920 | D:7      | Found Itom's Weapon Shop.
  5921 | D:7      | Found Dyodat's Antique Armour Shop.
  5921 | D:7      | Found Nyiceh's Jewellery Emporium.
  6181 | D:7      | Found an iron altar of Okawaru.
  6384 | D:6      | Reached skill level 5 in Throwing
  6830 | D:7      | Bought a dented filigree amulet for 130 gold pieces
  7080 | D:8      | Reached XP level 10. HP: 65/66 MP: 10/10
  7087 | D:8      | Reached skill level 10 in Stealth
  7091 | D:8      | Noticed a two-headed ogre
  7123 | D:8      | Killed a two-headed ogre
  7319 | D:8      | Noticed an ogre mage
  7320 | D:8      | Noticed a centaur warrior
  7324 | D:8      | Killed a centaur warrior
  7332 | D:8      | Paralysed by something for 4 turns
  7344 | D:8      | Killed an ogre mage
  7450 | D:8      | Noticed a brown ugly thing
  7467 | D:8      | Killed a brown ugly thing
  8579 | D:9      | Reached XP level 11. HP: 77/77 MP: 11/11
  9224 | D:1      | Bought a scroll of brand weapon for 260 gold pieces
  9224 | D:1      | Bought a scroll of fear for 45 gold pieces
 10000 | D:9      | Found Cevuim's General Store.
 10275 | D:9      | Bought a potion of curing for 36 gold pieces
 10416 | D:10     | Entered Level 10 of the Dungeon
 10739 | D:10     | Found a staircase to the Orcish Mines.
 10888 | D:10     | Found a radiant altar of Vehumet.
 10905 | D:10     | Reached skill level 1 in Evocations
 11108 | D:10     | Found a staircase to the Lair.
 11526 | D:10     | Found Zeumn's Jewellery Boutique.
 11843 | Lair:1   | Entered Level 1 of the Lair of Beasts
 11857 | Lair:1   | Noticed a seven-headed hydra
 11870 | Lair:1   | Killed a seven-headed hydra
 11871 | Lair:1   | Reached skill level 10 in Fighting
 11871 | Lair:1   | Reached skill level 10 in Dodging
 12110 | Lair:1   | Reached skill level 5 in Evocations
 12145 | Lair:1   | Reached XP level 12. HP: 74/87 MP: 12/12
 12445 | Lair:1   | Mangled by a komodo dragon

Illustrated notes

Levels and vault maps discovered:
D:1:      kennysheep_arrival_seaside, layout_basic, serial_shops, shop_statue
D:2:      layout_rooms, basic_ecumenical_altar, uniq_robin, uniq_terence
D:3:      corexii_shack_village, layout_loops_ring, minmay_misc_feat_enclosed
D:4:      wander_river, layout_loops_ring, mainiacjoe_overflow_alcove_3,
          chequers_serial_rivers_room_b
D:5:      layout_loops_cross, kennysheep_mini, due_unseen_surprise, uniq_grinder
D:6:      layout_basic, xom_teletrap_fun, gammafunk_ghost_abyssal_escape
D:7:      layout_rooms, okawaru_metal_pillars_1_2,
          minmay_temple_entry_mini_moons, enter_ossuary_2,
          corexii_leaking_fountain, nicolae_wooded_promenade, hex_tiny
D:8:      nzn_winding_woodlands_three_and_one [nzn_winding_woodlands_5x15_eye,
          nzn_winding_woodlands_5x15_twine,
          nzn_winding_woodlands_5x15_pathside_ponds,
          nzn_winding_woodlands_center_lodge], layout_cave_pods,
          minmay_fire_ice_demons
D:9:      layout_roguey, serial_shops, nicolae_shop_window_shopping
D:10:     layout_basic, vehumet_crystals, erik_lair_island, serial_shops,
          kennysheep_mini_moat
Temple:   nicolae_temple_great_sept
Lair:1:   layout_long_grid, grunt_forest_small_clearings, grunt_megastairs_1

Skill      XL: |  1  2  3  4  5  6  7  8  9 10 11 12 |
---------------+-------------------------------------+-----
Short Blades   | 3 4 5 6 7 8 |  8.0
Stealth        | 6 7 9 10 | 10.0
Shields        | 2 3 4 |  4.0
Fighting       | 4 5 8 10 | 10.0
Dodging        | 4 5 8 10 | 10.0
Throwing       | 6 |  6.0
Evocations     | 5 6 |  6.9

Action                   |  1- 3 |  4- 6 |  7- 9 | 10-12 || total
-------------------------+-------+-------+-------+-------++-------
Melee: Dagger            |     5 |       |       |       ||     5
       Tentacles         |    12 |    13 |    69 |   154 ||   248
       Constrict         |     7 |    17 |    52 |    66 ||   142
       Quick blade       |    40 |   110 |   330 |   594 ||  1074
Throw: Dart              |     6 |    16 |    37 |    26 ||    85
  Use: Scroll            |     3 |     5 |     1 |     7 ||    16
       Potion            |       |     3 |     1 |     1 ||     5
 Stab: Sleeping          |     9 |    25 |    20 |     9 ||    63
       Distracted        |       |     1 |       |     6 ||     7
Armor: Skin              |     1 |     4 |    15 |    17 ||    37
Dodge: Dodged            |    12 |    28 |   110 |   168 ||   318
Block: Buckler           |     5 |     8 |    29 |    50 ||    92
